| TOP OF THE 1ST |
|
Oklahoma City 89ers batting - Pitching for Denver Bears : LHP Tim Conroy
|
|
Pitching: LHP Tim Conroy
|
|
|
Batting: RHB James Glenn
|
0-0: Ball 1-0: Ball 2-0: Ball 3-0: Foul Ball, location: 2F 3-1: Base on Balls
|
|
Batting: RHB Domingo Nunez
|
0-0: Ball 1-0: Ball 2-0: Foul Ball, location: 2F 2-1: Foul Ball, location: 2F 2-2: Ball 3-2: Base on Balls James Glenn to second
|
|
Batting: RHB John Christensen
|
0-0: Ball 1-0: Called Strike 1-1: Called Strike 1-2: Ball 2-2: Ball 3-2: Fly out, F3 (Line Drive, 3, EV 72.5 MPH)
|
|
Batting: RHB Cecil Fielder
|
0-0: Called Strike 0-1: Ball 1-1: Called Strike James Glenn steals 3rd base Domingo Nunez to second 1-2: Foul Ball, location: 2F 1-2: Ball 2-2: Ball 3-2: Strikes out swinging
|
|
Batting: LHB Tom O'Malley
|
0-0: Ground out 1-3 (Groundball, 34S, EV 74.4 MPH)
|
| Top of the 1st over - 0 runs, 0 hits, 0 errors, 2 left on base; Oklahoma City 0 - Denver 0 |
| BOTTOM OF THE 1ST |
|
Denver Bears batting - Pitching for Oklahoma City 89ers : RHP Kennedy Corzel
|
|
Pitching: RHP Kennedy Corzel
|
|
|
Batting: LHB Dallas Williams
|
0-0: Foul Ball, location: 2F 0-1: SINGLE (Flyball, 34D, EV 89.4 MPH)
|
|
Batting: LHB Tom Beyers
|
0-0: Ball 1-0: Foul Ball, location: 2F 1-1: Ball 2-1: Foul Ball, location: 2F 2-2: Fielders Choice at 2nd, 4-6 (Groundball, 4, EV 90.6 MPH)
|
|
Batting: LHB Lenny Dykstra
|
0-0: Called Strike 0-1: Ball 1-1: Foul Ball, location: 2F 1-2: Ball 2-2: Ball 3-2: SINGLE (Flyball, 4D, EV 89.4 MPH) Tom Beyers to second
|
|
Batting: RHB Kirby Puckett
|
0-0: Ball 1-0: Called Strike 1-1: Ball 2-1: SINGLE (Groundball, 6MD, EV 104.4 MPH) Tom Beyers to third Lenny Dykstra to second Runner from 3rd tries for Home, throw by CF and OUT! 8-2
|
|
Batting: LHB Danny Heep
|
0-0: Swinging Strike 0-1: DOUBLE (Line Drive, 78D, EV 106.9 MPH) Lenny Dykstra scores Kirby Puckett to third Runner from 3rd tries for Home, SAFE, no throw by LF
|
|
Batting: RHB Adolfo Feliz
|
0-0: Ball 1-0: Foul Ball, location: 2F 1-1: Foul Ball, location: 2F 1-2: SINGLE (Groundball, 4M, EV 108.1 MPH) (infield hit) Danny Heep to third
|
|
Batting: LHB Larry Donofrio
|
0-0: Ball 1-0: Called Strike 1-1: Swinging Strike 1-2: Foul Ball, location: 2F 1-2: Foul Ball, location: 2F 1-2: Strikes out looking
|
| Bottom of the 1st over - 2 runs, 5 hits, 0 errors, 2 left on base; Oklahoma City 0 - Denver 2 |
| TOP OF THE 2ND |
|
Oklahoma City 89ers batting - Pitching for Denver Bears : LHP Tim Conroy
|
|
Batting: RHB Tim Tolman
|
0-0: Called Strike 0-1: Swinging Strike 0-2: Foul Ball, location: 2F 0-2: Ground out 6-3 (Groundball, 56D, EV 85.0 MPH)
|
|
Batting: RHB Nick Esasky
|
0-0: Ball 1-0: Ground out 5-3 (Groundball, 5, EV 80.0 MPH)
|
|
Batting: RHB Danny Jasso
|
0-0: Ball 1-0: Ball 2-0: Ground out 5-3 (Groundball, 56, EV 85.6 MPH)
|
| Top of the 2nd over - 0 runs, 0 hits, 0 errors, 0 left on base; Oklahoma City 0 - Denver 2 |
| BOTTOM OF THE 2ND |
|
Denver Bears batting - Pitching for Oklahoma City 89ers : RHP Kennedy Corzel
|
|
Batting: RHB Juan Alvarez
|
0-0: Ball 1-0: Foul Ball, location: 2F 1-1: Ball 2-1: Foul Ball, location: 2F 2-2: Foul Ball, location: 2F 2-2: Ground out 6-3 (Groundball, 6, EV 86.3 MPH)
|
|
Batting: RHB Gomez Barahona
|
0-0: Ball 1-0: Foul Ball, location: 2F 1-1: Called Strike 1-2: Ball 2-2: Ball 3-2: Foul Ball, location: 2F 3-2: Foul Ball, location: 2F 3-2: Fly out, F4 (Line Drive, 4, EV 71.9 MPH)
|
|
Batting: LHB Dallas Williams
|
0-0: Foul Ball, location: 2F 0-1: SINGLE (Line Drive, 34D, EV 99.4 MPH)
|
|
Batting: LHB Tom Beyers
|
0-0: Ball Dallas Williams is caught stealing 2nd base 2-6
|
| Bottom of the 2nd over - 0 runs, 1 hit, 0 errors, 0 left on base; Oklahoma City 0 - Denver 2 |
| TOP OF THE 3RD |
|
Oklahoma City 89ers batting - Pitching for Denver Bears : LHP Tim Conroy
|
|
Batting: RHB Robert Bailey
|
0-0: Called Strike 0-1: Foul Ball, location: 2F 0-2: Ball 1-2: Foul Ball, location: 2F 1-2: Foul Ball, location: 2F 1-2: Ground out 6-3 (Groundball, 6, EV 85.6 MPH)
|
|
Batting: RHB James Glenn
|
0-0: Called Strike 0-1: Ball 1-1: Swinging Strike 1-2: Ball 2-2: Foul Ball, location: 2F 2-2: Ball 3-2: Base on Balls
|
|
Batting: RHB Domingo Nunez
|
0-0: Swinging Strike 0-1: Called Strike 0-2: Ball 1-2: Strikes out swinging
|
|
Batting: RHB John Christensen
|
0-0: Ball 1-0: Ball James Glenn steals 2nd base 2-0: Called Strike 2-1: Foul Ball, location: 2F 2-2: Foul Ball, location: 2F 2-2: Fly out, F7 (Flyball, 7S, EV 81.3 MPH)
|
| Top of the 3rd over - 0 runs, 0 hits, 0 errors, 1 left on base; Oklahoma City 0 - Denver 2 |
| BOTTOM OF THE 3RD |
|
Denver Bears batting - Pitching for Oklahoma City 89ers : RHP Kennedy Corzel
|
|
Batting: LHB Tom Beyers
|
0-0: Fly out, F8 (Flyball, 8LS, EV 93.8 MPH)
|
|
Batting: LHB Lenny Dykstra
|
0-0: Ball 1-0: Called Strike 1-1: Foul Ball, location: 2F 1-2: Foul Ball, location: 2F 1-2: Foul Ball, location: 2F 1-2: DOUBLE (Line Drive, 7LS, EV 100.6 MPH)
|
|
Batting: RHB Kirby Puckett
|
0-0: Called Strike 0-1: Ball 1-1: Ball 2-1: Foul Ball, location: 2F 2-2: SINGLE (Line Drive, 89S, EV 85.0 MPH) Lenny Dykstra to third Runner from 3rd tries for Home, SAFE, throw by RF to home
|
|
Batting: LHB Danny Heep
|
0-0: Ball 1-0: Called Strike 1-1: Called Strike 1-2: Ball Kirby Puckett steals 2nd, throwing error, E2 Kirby Puckett to third 2-2: Foul Ball, location: 2F 2-2: Ball 3-2: Foul Ball, location: 2F 3-2: Base on Balls
|
|
Batting: RHB Adolfo Feliz
|
0-0: Called Strike 0-1: Ball 1-1: Foul Ball, location: 2F 1-2: Ball 2-2: Foul Ball, location: 2F 2-2: Ball 3-2: Strikes out swinging
|
|
Batting: LHB Larry Donofrio
|
0-0: Fly out, F9 (Flyball, 9LM, EV 91.9 MPH)
|
| Bottom of the 3rd over - 1 run, 2 hits, 1 error, 2 left on base; Oklahoma City 0 - Denver 3 |
| TOP OF THE 4TH |
|
Oklahoma City 89ers batting - Pitching for Denver Bears : LHP Tim Conroy
|
|
Batting: RHB Cecil Fielder
|
0-0: Ball 1-0: Swinging Strike 1-1: Foul Ball, location: 2F 1-2: Fly out, F8 (Flyball, 8RD, EV 90.0 MPH)
|
|
Batting: LHB Tom O'Malley
|
0-0: Hit by Pitch
|
|
Batting: RHB Tim Tolman
|
0-0: Ball 1-0: Called Strike 1-1: Foul Ball, location: 2F 1-2: Grounds into double play, 4-6-3 (Groundball, 4, EV 103.8 MPH)
|
| Top of the 4th over - 0 runs, 0 hits, 0 errors, 0 left on base; Oklahoma City 0 - Denver 3 |
| BOTTOM OF THE 4TH |
|
Denver Bears batting - Pitching for Oklahoma City 89ers : RHP Kennedy Corzel
|
|
Batting: RHB Juan Alvarez
|
0-0: Ball 1-0: Foul Ball, location: 2F 1-1: Fly out, F7 (Flyball, 78S, EV 92.5 MPH)
|
|
Batting: RHB Gomez Barahona
|
0-0: Ball 1-0: Foul Ball, location: 2F 1-1: Foul Ball, location: 2F 1-2: Ball 2-2: Ground out 4-3 (Groundball, 4, EV 85.0 MPH)
|
|
Batting: LHB Dallas Williams
|
0-0: Ball 1-0: Ball 2-0: Fly out, F3 (Popup, 23F, EV 85.0 MPH)
|
| Bottom of the 4th over - 0 runs, 0 hits, 0 errors, 0 left on base; Oklahoma City 0 - Denver 3 |
| TOP OF THE 5TH |
|
Oklahoma City 89ers batting - Pitching for Denver Bears : LHP Tim Conroy
|
|
Batting: RHB Nick Esasky
|
0-0: Foul Ball, location: 2F 0-1: Called Strike 0-2: Fly out, F4 (Popup, 4MD, EV 64.4 MPH)
|
|
Batting: RHB Danny Jasso
|
0-0: Ground out 6-3 (Groundball, 6, EV 105.0 MPH)
|
|
Batting: RHB Robert Bailey
|
0-0: Ball 1-0: Ball 2-0: Ball 3-0: Called Strike 3-1: Foul Ball, location: 2F 3-2: DOUBLE (Flyball, 89D, EV 91.3 MPH)
|
|
Batting: RHB James Glenn
|
0-0: Foul Ball, location: 2F 0-1: Foul Ball, location: 2F 0-2: Foul Ball, location: 2F 0-2: Ball 1-2: Fly out, F4 (Line Drive, 4, EV 63.8 MPH)
|
| Top of the 5th over - 0 runs, 1 hit, 0 errors, 1 left on base; Oklahoma City 0 - Denver 3 |
| BOTTOM OF THE 5TH |
|
Denver Bears batting - Pitching for Oklahoma City 89ers : RHP Kennedy Corzel
|
|
Batting: LHB Tom Beyers
|
0-0: Ball 1-0: Called Strike 1-1: Fly out, F8 (Flyball, 8RM, EV 89.4 MPH)
|
|
Batting: LHB Lenny Dykstra
|
0-0: Swinging Strike 0-1: Foul Ball, location: 2F 0-2: Ball 1-2: Ball 2-2: Ground out 4-3 (Groundball, 4, EV 87.5 MPH)
|
|
Batting: RHB Kirby Puckett
|
0-0: Ball 1-0: Called Strike 1-1: Fly out, F9 (Flyball, 9, EV 86.9 MPH)
|
| Bottom of the 5th over - 0 runs, 0 hits, 0 errors, 0 left on base; Oklahoma City 0 - Denver 3 |
| TOP OF THE 6TH |
|
Oklahoma City 89ers batting - Pitching for Denver Bears : LHP Tim Conroy
|
|
Batting: RHB Domingo Nunez
|
0-0: Foul Ball, location: 2F 0-1: Foul Ball, location: 2F 0-2: Ball 1-2: Ball 2-2: Ball 3-2: Ground out 5-3 (Groundball, 56S, EV 86.9 MPH)
|
|
Batting: RHB John Christensen
|
0-0: Called Strike 0-1: Ball 1-1: Ball 2-1: Foul Ball, location: 2F 2-2: Ground out 6-3 (Groundball, 56, EV 96.3 MPH)
|
|
Batting: RHB Cecil Fielder
|
0-0: Fly out, F7 (Flyball, 78D, EV 80.0 MPH)
|
| Top of the 6th over - 0 runs, 0 hits, 0 errors, 0 left on base; Oklahoma City 0 - Denver 3 |
| BOTTOM OF THE 6TH |
|
Denver Bears batting - Pitching for Oklahoma City 89ers : RHP Kennedy Corzel
|
|
Batting: LHB Danny Heep
|
0-0: Ball 1-0: Called Strike 1-1: Foul Ball, location: 2F 1-2: Fly out, F8 (Flyball, 78S, EV 93.1 MPH)
|
|
Batting: RHB Adolfo Feliz
|
0-0: Called Strike 0-1: Ball 1-1: Fly out, F9 (Flyball, 9D, EV 100.6 MPH)
|
|
Batting: LHB Larry Donofrio
|
0-0: Foul Ball, location: 2F 0-1: Foul Ball, location: 2F 0-2: Ball 1-2: DOUBLE (Line Drive, 78D, EV 107.5 MPH)
|
|
Batting: RHB Juan Alvarez
|
0-0: Intentional Walk
|
|
Batting: RHB Gomez Barahona
|
0-0: Called Strike 0-1: Ball 1-1: Fly out, F8 (Line Drive, 8LD, EV 101.9 MPH)
|
| Bottom of the 6th over - 0 runs, 1 hit, 0 errors, 2 left on base; Oklahoma City 0 - Denver 3 |
| TOP OF THE 7TH |
|
Oklahoma City 89ers batting - Pitching for Denver Bears : LHP Tim Conroy
|
|
Batting: LHB Tom O'Malley
|
0-0: Ball 1-0: Ball 2-0: Swinging Strike 2-1: Foul Ball, location: 2F 2-2: SINGLE (Groundball, 56D, EV 101.9 MPH)
|
|
Batting: RHB Tim Tolman
|
0-0: DOUBLE (Flyball, 8LXD, EV 89.4 MPH) Tom O'Malley to third
|
|
Batting: RHB Nick Esasky
|
0-0: Called Strike 0-1: Called Strike 0-2: Ball 1-2: Ball 2-2: Strikes out swinging
|
|
Batting: RHB Danny Jasso
|
0-0: Ball 1-0: Ball 2-0: Ball 3-0: Base on Balls
|
|
Batting: RHB Robert Bailey
|
0-0: Ball 1-0: Ball 2-0: Ball 3-0: Base on Balls Tom O'Malley scores Tim Tolman to third Danny Jasso to second
|
|
Batting: RHB James Glenn
|
0-0: Called Strike 0-1: Called Strike 0-2: Ball 1-2: Fly out, F7 (Flyball, 7S, EV 88.1 MPH)
|
|
Batting: RHB Domingo Nunez
|
0-0: SINGLE (Groundball, 5D, EV 97.5 MPH) Tim Tolman scores Danny Jasso to third Robert Bailey to second Runner from 3rd tries for Home, SAFE, throw by LF to home
|
|
Batting: RHB John Christensen
|
0-0: Ball 1-0: Called Strike 1-1: Called Strike 1-2: Foul Ball, location: 2F 1-2: Foul Ball, location: 2F 1-2: DOUBLE (Flyball, 8LXD, EV 96.3 MPH) Robert Bailey scores Domingo Nunez to third Runner from 3rd tries for Home, SAFE, throw by CF to home
|
|
Pitching: RHP Eric Show
|
|
|
Batting: RHB Cecil Fielder
|
0-0: Called Strike 0-1: SINGLE (Flyball, 6MD, EV 95.6 MPH) John Christensen to third Runner from 3rd tries for Home, SAFE, throw by CF to home
|
|
Batting: LHB Tom O'Malley
|
0-0: Foul Ball, location: 2F 0-1: Called Strike 0-2: Ball 1-2: Fly out, F7 (Line Drive, 7, EV 93.8 MPH)
|
| Top of the 7th over - 6 runs, 5 hits, 0 errors, 1 left on base; Oklahoma City 6 - Denver 3 |
| BOTTOM OF THE 7TH |
|
Denver Bears batting - Pitching for Oklahoma City 89ers : RHP Kennedy Corzel
|
|
Batting: LHB Dallas Williams
|
0-0: Ball 1-0: Ball 2-0: Fly out, F8 (Flyball, 78D, EV 88.1 MPH)
|
|
Batting: LHB Tom Beyers
|
0-0: Ball 1-0: Ball 2-0: Called Strike 2-1: Ground out 6-3 (Groundball, 6, EV 90.6 MPH)
|
|
Batting: LHB Lenny Dykstra
|
0-0: Called Strike 0-1: Ball 1-1: Ball 2-1: Ground out 4-3 (Groundball, 4, EV 82.5 MPH)
|
| Bottom of the 7th over - 0 runs, 0 hits, 0 errors, 0 left on base; Oklahoma City 6 - Denver 3 |
| TOP OF THE 8TH |
|
Oklahoma City 89ers batting - Pitching for Denver Bears : RHP Eric Show
|
|
Batting: RHB Tim Tolman
|
0-0: Ball 1-0: Ball 2-0: Called Strike 2-1: Foul Ball, location: 2F 2-2: Ball 3-2: Foul Ball, location: 2F 3-2: Foul Ball, location: 2F 3-2: Foul Ball, location: 2F 3-2: Foul Ball, location: 2F 3-2: Foul Ball, location: 2F 3-2: Base on Balls
|
|
Batting: RHB Nick Esasky
|
0-0: Grounds into double play, 6-4-3 (Groundball, 6, EV 77.5 MPH)
|
|
Batting: RHB Danny Jasso
|
0-0: Ball 1-0: Called Strike 1-1: Foul Ball, location: 2F 1-2: Foul Ball, location: 2F 1-2: Ball 2-2: SINGLE (Groundball, 34, EV 96.3 MPH)
|
|
Batting: RHB Robert Bailey
|
Pickoff Throw to First - Error! E1 Danny Jasso to second 0-0: Foul Ball, location: 2F 0-1: Ground out 5-3 (Groundball, 5L, EV 77.5 MPH)
|
| Top of the 8th over - 0 runs, 1 hit, 1 error, 1 left on base; Oklahoma City 6 - Denver 3 |
| BOTTOM OF THE 8TH |
|
Denver Bears batting - Pitching for Oklahoma City 89ers : RHP Kennedy Corzel
|
|
Now at 2B: Gregory Pastors
|
|
|
Batting: RHB Kirby Puckett
|
0-0: Ball 1-0: Foul Ball, location: 2F 1-1: Ball 2-1: Fly out, F7 (Flyball, 8LS, EV 94.4 MPH)
|
|
Batting: LHB Danny Heep
|
0-0: Ball 1-0: Foul Ball, location: 2F 1-1: Ground out 4-3 (Groundball, 4, EV 89.4 MPH)
|
|
Batting: RHB Adolfo Feliz
|
0-0: Swinging Strike 0-1: Ball 1-1: Foul Ball, location: 2F 1-2: Ball 2-2: Strikes out looking
|
| Bottom of the 8th over - 0 runs, 0 hits, 0 errors, 0 left on base; Oklahoma City 6 - Denver 3 |
| TOP OF THE 9TH |
|
Oklahoma City 89ers batting - Pitching for Denver Bears : RHP Eric Show
|
|
Batting: RHB James Glenn
|
0-0: Hit by Pitch
|
|
Batting: RHB Domingo Nunez
|
0-0: Sac Bunt to 3S - play at first, batter OUT! 3-4 James Glenn to second
|
|
Batting: RHB John Christensen
|
0-0: Ground out 1-3 (Groundball, 15, EV 67.5 MPH)
|
|
Batting: RHB Cecil Fielder
|
0-0: Ground out 1-3 (Groundball, 15, EV 65.6 MPH)
|
| Top of the 9th over - 0 runs, 0 hits, 0 errors, 1 left on base; Oklahoma City 6 - Denver 3 |
| BOTTOM OF THE 9TH |
|
Denver Bears batting - Pitching for Oklahoma City 89ers : RHP Kennedy Corzel
|
|
Now in CF: Ron Tingley
|
|
|
Batting: LHB Larry Donofrio
|
0-0: Called Strike 0-1: Swinging Strike 0-2: Ball 1-2: Ball 2-2: Strikes out swinging
|
|
Batting: RHB Juan Alvarez
|
0-0: Called Strike 0-1: Fly out, F9 (Flyball, 9S, EV 85.6 MPH)
|
|
Batting: RHB Gomez Barahona
|
0-0: Ball 1-0: Ground out 3-1 (Groundball, 34, EV 93.8 MPH)
|
| Bottom of the 9th over - 0 runs, 0 hits, 0 errors, 0 left on base; Oklahoma City 6 - Denver 3 |
|